 Dungeon Crawl Stone Soup version 0.32-a0-960-g3814254bd7 (webtiles) character file.

Game seed: 1569589127973705898

3735 Cecky the Martial Artist (level 10, 0/76 HPs)
             Began as a Gnoll Shapeshifter on Apr 10, 2024.
             Was a Believer of Ashenzari.
             Slain by a two-headed ogre
             ... wielding a +0 giant club
              (23 damage)
             ... on level 8 of the Dungeon on Apr 17, 2024.
             The game lasted 00:30:00 (8782 turns).

Cecky the Martial Artist (Gnoll Shapeshifter)       Turns: 8782, Time: 00:30:01

Health: 0/76       AC:  8    Str: 14    XL:     10   Next: 15%
Magic:  17/17      EV: 14    Int: 11    God:    Ashenzari [**....]
Gold:   177        SH:  5    Dex: 14    Spells: 16/19 levels left

rFire   + .          .
                       - Unarmed
rCold   + . .        (no shield)
rNeg    . . .        t - +2 robe of the Fated Boredom {rC+ rF+, Sorc, Elem} (curse)
rPois   .            (helmet currently unavailable)
rElec   .            (cloak currently unavailable)
rCorr   .            (gloves currently unavailable)
SInv    +            (boots currently unavailable)
Will    .....        n - amulet of the Astral Soothsayer {Reflect SH+5, Dev, Cun} (curse)
Stlth   +++          j - ring "Seer of Ashenzari" {AC+4, Sorc, Fort} (curse)
HPRegen 0.32/turn    (no ring)
MPRegen 0.15/turn

%: reflection
@: lethally poisoned (0 -> -2), beast-form
A: beast (slay +4), fangs 1, strong nose, distributed training
a: Begin Untransformation, Renounce Religion, Curse Item, Shatter the Chains


You were on level 8 of the Dungeon.
You worshipped Ashenzari.
Ashenzari was pleased with you.
You were a hulking beast.
You visited 1 branch of the dungeon, and saw 8 of its levels.

You collected 287 gold pieces.
You spent 110 gold pieces at shops.

Inventory:

Missiles
 e - 2 throwing nets
Armour
 t - the cursed +2 robe of the Fated Boredom (worn) {rC+ rF+, Sorc, Elem}
   (You took it off an orc wizard on level 5 of the Dungeon)

   It has a curse which improves the following skills: Sorcery: Conjurations and
   Alchemy.
   Elements:  Fire Magic, Ice Magic, Air Magic and Earth Magic.
Magical Staves
 g - a staff of fire
Jewellery
 j - the cursed ring "Seer of Ashenzari" (left hand) {AC+4, Sorc, Fort}
   (You found it on level 2 of the Dungeon)

   [ring of protection]

   AC+4:      It affects your AC (+4).
   It has a curse which improves the following skills: Sorcery: Conjurations and
   Alchemy.
   Fortitude: Armour and Shields.
 k - a ring of see invisible
 n - the cursed amulet of the Astral Soothsayer (around neck) {Reflect SH+5, Dev, Cun}
   (You took it off a goblin on level 2 of the Dungeon)

   [amulet of reflection]

   Reflect:   It reflects blocked missile attacks.
   SH+5:      It affects your SH (+5).
   It has a curse which improves the following skills: Devices: Evocations and
   Shapeshifting.
   Cunning:   Dodging and Stealth.
 z - a ring of resist corrosion
Talismans
 c - a beast talisman (active)
 d - a flux talisman
Wands
 f - a wand of charming (11)
 i - a wand of polymorph (8)
 q - a wand of flame (29) (quivered)
Scrolls
 b - 3 scrolls of revelation
 h - 3 scrolls of fear
 p - a scroll of immolation
 r - 4 scrolls of teleportation
 s - 2 scrolls of poison
 v - a scroll of blinking
 x - a scroll of fog
Potions
 a - a potion of curing
 l - a potion of berserk rage
 m - a potion of heal wounds


   Skills:
 + Level 5.8 Fighting
 + Level 5.2 Short Blades
 + Level 5.2 Long Blades
 + Level 5.2 Axes
 + Level 5.2 Maces & Flails
 + Level 5.2 Polearms
 + Level 5.2 Staves
 + Level 5.2 Ranged Weapons
 + Level 5.2 Throwing
 + Level 5.2(6.3) Armour
 + Level 7.0(8.2) Dodging
 + Level 5.2(6.3) Stealth
 + Level 5.2(6.3) Shields
 + Level 8.4 Unarmed Combat
 + Level 5.2 Spellcasting
 + Level 4.3(5.9) Conjurations
 + Level 4.3 Hexes
 + Level 4.3 Summonings
 + Level 4.3 Necromancy
 + Level 4.3 Translocations
 + Level 4.3(5.3) Fire Magic
 + Level 4.3(5.3) Ice Magic
 + Level 4.3(5.3) Air Magic
 + Level 4.3(5.3) Earth Magic
 + Level 4.3(5.9) Alchemy
 + Level 5.7 Invocations
 + Level 5.2(6.3) Evocations
 + Level 8.1(9.3) Shapeshifting


You had 16 spell levels left.
You knew the following spells:

 Your Spells              Type           Power      Damage    Failure   Level
a - Hailstorm             Conj/Ice       15%        3d6       6%          3

Your spell library contained the following spells:

 Spells                   Type           Power      Damage    Failure   Level
 Freeze                   Ice            56%        1d7       2%          1
 Frozen Ramparts          Ice            28%        1d5       7%          3
 Ozocubu's Armour         Ice            14%        N/A       7%          3
 Fugue of the Fallen      Necr           12%        N/A       11%         3
 Tukima's Dance           Hex            12%        N/A       11%         3
 Iskenderun's Mystic Bla Conj/Tloc 14%            2d5        (+2d2     26%         4
 Dimensional Bullseye     Hex/Tloc       6%         N/A       34%         4
 Manifold Assault         Tloc           6%         N/A       100%        7


Dungeon Overview and Level Annotations

Branches:
Dungeon (8/15)             Temple (0/1) D:4
   Lair: D:8-11

Altars:
Ashenzari
Cheibriados
Dithmenos
Gozag
Makhleb
Sif Muna
Xom
Zin

Shops:
D:2 ?   D:3 (***(   D:5 [

Annotations:
D:7 exclusion: 3 doors


Innate Abilities, Weirdness & Mutations

You are a hulking beast.
Your limbs bulge with bestial killing power. (Slay +4)
You have very sharp teeth.
Your uncanny sense of smell can sniff out nearby items.
Your experience applies equally to all skills.


Message History

You sense a monster nearby.
You sense a monster nearby.
A water moccasin and a two-headed ogre come into view.
The helpless water moccasin fails to defend itself.
You hit the water moccasin but do no damage.
The water moccasin closely misses you. The water moccasin bites you.
You are poisoned.
The water moccasin poisons you!
You barely miss the water moccasin.
You feel sick. The water moccasin bites you!
You are more poisoned.
The water moccasin poisons you!
You punch the water moccasin! Your punch misses the water moccasin.
The water moccasin is heavily wounded.
You feel very sick.
The water moccasin bites you but does no damage.
You punch the water moccasin!
The water moccasin is severely wounded.
You feel very sick.
The water moccasin bites you but does no damage.
You miss the water moccasin. You bite the water moccasin.
The water moccasin is almost dead.
You feel very sick. The water moccasin barely misses you.
You hit the water moccasin.
You kill the water moccasin!
You feel sick.
You feel very sick.
The two-headed ogre shouts in stereo!
You hear a shout!
You see here a water moccasin corpse.
You feel sick.
A bullfrog comes into view.
You feel sick.
You feel sick.
You feel sick.
You feel sick.
You feel sick.
The two-headed ogre attacks as it pursues you!
The two-headed ogre hits you with a +0 giant club!! x2
You die...

......# #####.##
####### ### #.# #
##†## #.# # ##.#.#
#.## ######### ∆
##.#.#.# ##.#
#.......#
##.#.#.#O# ###
###.#######
##.#.##..#.# {###
.......#
##.#O##∆.#.## ##.#
.......# # ##.#h##
∆#.## ##...
###.##.#...##.#.##
∆ # ##.#..
###.......##.#.##
∆ ##.#.#.
#.....####F#.##{
##.#.### #.###.#
#.#.## ∆ ##.#.##
#.# )# ##.#.##
##.#.### ##.###.#
##.#.## ##.#.##.#
.......# ##.#.##
##.#.###.#
##.#####
##.#.###.#.####'##


You could see a two-headed ogre.

Vanquished Creatures
  Pikel (D:5)
  A steam dragon (D:7)
  2 water moccasins
  4 ice beasts
  2 ogres
  A phantom (D:7)
  3 lemures (D:5)
  2 centaurs
  2 bullfrogs
  Blork the orc (D:4)
  15 killer bees
  2 howler monkeys
  2 crimson imps (D:4)
  3 hounds
  2 orc priests
  2 jellies
  4 gnoll boudas
  Jessica (D:1)
  4 iguanas
  Ijyb (D:3)
  Natasha (thrice) (D:4)
  7 orc wizards
  Robin (D:2)
  24 gnolls
  4 adders
  A shadow imp (D:6)
  2 white imps (D:6)
  2 ufetubi (D:6)
  2 ribbon worms
  3 dart slugs
  20 orcs
  6 ball pythons
  2 bats
  6 endoplasms
  2 giant cockroaches (D:1)
  11 goblins
  19 hobgoblins
  3 jackals (D:1)
  3 kobolds
  4 quokkas
  4 frilled lizards
  7 rats
191 creatures vanquished.

Notes
Turn   | Place    | Note
-------+----------+-------------------------------------------
     0 | D:1      | Cecky the Gnoll Shapeshifter began the quest for the Orb.
     0 | D:1      | Reached XP level 1. HP: 17/17 MP: 1/1
   329 | D:1      | Reached XP level 2. HP: 23/23 MP: 2/2
   745 | D:1      | Reached XP level 3. HP: 26/28 MP: 3/3
   803 | D:2      | Noticed Jessica
   825 | D:2      | Noticed Robin
   843 | D:1      | Killed Jessica
   844 | D:1      | Reached skill level 1 in Short Blades
   844 | D:1      | Reached skill level 1 in Long Blades
   844 | D:1      | Reached skill level 1 in Axes
   844 | D:1      | Reached skill level 1 in Maces & Flails
   844 | D:1      | Reached skill level 1 in Polearms
   844 | D:1      | Reached skill level 1 in Staves
   844 | D:1      | Reached skill level 1 in Ranged Weapons
   844 | D:1      | Reached skill level 1 in Throwing
   844 | D:1      | Reached skill level 1 in Armour
   844 | D:1      | Reached skill level 1 in Stealth
   844 | D:1      | Reached skill level 1 in Shields
   844 | D:1      | Reached skill level 1 in Spellcasting
   844 | D:1      | Reached skill level 1 in Invocations
   844 | D:1      | Reached skill level 1 in Evocations
   947 | D:2      | Reached XP level 4. HP: 34/34 MP: 5/5
  1197 | D:2      | Reached skill level 1 in Conjurations
  1197 | D:2      | Reached skill level 1 in Hexes
  1197 | D:2      | Reached skill level 1 in Summonings
  1197 | D:2      | Reached skill level 1 in Necromancy
  1197 | D:2      | Reached skill level 1 in Translocations
  1197 | D:2      | Reached skill level 1 in Fire Magic
  1197 | D:2      | Reached skill level 1 in Ice Magic
  1197 | D:2      | Reached skill level 1 in Air Magic
  1197 | D:2      | Reached skill level 1 in Earth Magic
  1197 | D:2      | Reached skill level 1 in Alchemy
  1202 | D:2      | Killed Robin
  1476 | D:2      | Found Molopn's Magic Scroll Shoppe.
  1484 | D:2      | Bought a scroll of identify for 22 gold pieces
  1627 | D:3      | Found Foigim's Assorted Antiques.
  1640 | D:3      | Found Duchero's General Store.
  1648 | D:3      | Found Jouxtygo's General Store.
  1655 | D:3      | Bought a potion of curing for 33 gold pieces
  1655 | D:3      | Bought a potion of heal wounds for 55 gold pieces
  1725 | D:2      | Reached XP level 5. HP: 15/41 MP: 7/7
  1903 | D:3      | Found a broken altar of Ashenzari.
  1915 | D:3      | Became a worshipper of Ashenzari the Shackled
  2002 | D:3      | Noticed Ijyb
  2018 | D:3      | Killed Ijyb
  2184 | D:3      | Found Peeqer's Antique Weapon Emporium.
  2298 | D:3      | Found Jaaninui's Antique Weapon Shop.
  2329 | D:3      | Upgraded the game from 0.32-a0-918-g0f22ef8d61 to
                  | 0.32-a0-960-g3814254bd7
  2490 | D:4      | Noticed Blork the orc
  2503 | D:4      | Killed Blork the orc
  2504 | D:4      | Reached XP level 6. HP: 20/47 MP: 8/8
  2696 | D:4      | Reached skill level 5 in Dodging
  3022 | D:4      | Found a staircase to the Ecumenical Temple.
  3193 | D:4      | Noticed Natasha
  3200 | D:4      | Killed Natasha
  3201 | D:4      | Reached XP level 7. HP: 51/52 MP: 10/10
  3216 | D:4      | Noticed Natasha
  3223 | D:4      | Killed Natasha
  3242 | D:4      | Noticed Natasha
  3247 | D:4      | Killed Natasha
  3394 | D:4      | Found a shimmering altar of Xom.
  3866 | D:5      | Entered Level 5 of the Dungeon
  4299 | D:5      | Found Qabef's Armour Shop.
  4356 | D:5      | Noticed Pikel
  4436 | D:5      | Killed Pikel
  4437 | D:5      | Reached XP level 8. HP: 43/61 MP: 11/13
  4505 | D:5      | Found a shimmering blue altar of Sif Muna.
  4698 | D:5      | Found a glowing silver altar of Zin.
  4815 | D:5      | Found a snail-covered altar of Cheibriados.
  4819 | D:5      | Found an opulent altar of Gozag.
  5120 | D:6      | Reached XP level 9. HP: 28/66 MP: 14/14
  5801 | D:6      | Reached skill level 5 in Fighting
  5843 | D:6      | Found a burning altar of Makhleb.
  5845 | D:6      | Noticed an Executioner
  6365 | D:7      | Reached skill level 5 in Invocations
  6582 | D:7      | Reached * piety under Ashenzari
  6582 | D:7      | Identified a scroll of acquirement
  6851 | D:7      | Acquired a book of Frost
  6862 | D:7      | Learned a level 3 spell: Hailstorm
  7386 | D:7      | Reached ** piety under Ashenzari
  7387 | D:7      | Found a shadowy altar of Dithmenos.
  7710 | D:8      | Reached skill level 5 in Short Blades
  7710 | D:8      | Reached skill level 5 in Long Blades
  7710 | D:8      | Reached skill level 5 in Axes
  7710 | D:8      | Reached skill level 5 in Maces & Flails
  7710 | D:8      | Reached skill level 5 in Polearms
  7710 | D:8      | Reached skill level 5 in Staves
  7710 | D:8      | Reached skill level 5 in Ranged Weapons
  7710 | D:8      | Reached skill level 5 in Throwing
  7710 | D:8      | Reached skill level 5 in Armour
  7710 | D:8      | Reached skill level 5 in Stealth
  7710 | D:8      | Reached skill level 5 in Shields
  7710 | D:8      | Reached skill level 5 in Spellcasting
  7710 | D:8      | Reached skill level 5 in Evocations
  7710 | D:8      | Reached XP level 10. HP: 69/76 MP: 17/17
  8769 | D:8      | Noticed a two-headed ogre
  8782 | D:8      | Slain by a two-headed ogre

Illustrated notes

Levels and vault maps discovered:
D:1:      zaba_arrival_water, layout_loops_ring, minivault_11
D:2:      layout_loops_cross, serial_shops, nicolae_square_shop,
          glass_columns_a, uniq_jessica, uniq_robin
D:3:      layout_basic, mainiacjoe_overflow_small_starburst, serial_shops, shop,
          nicolae_square_shop, shop, nicolae_shop_back_alley_shop,
          nicolae_shop_gibbet_a_chance, uniq_ijyb
D:4:      minmay_evil_eye, layout_loops_corners, led_xom_imps,
          minmay_temple_entry_butterflies, uniq_blork_the_orc, uniq_natasha
D:5:      layout_loops_ring, minitemple, zin_academy,
          mainiacjoe_overflow_boulevard, serial_shops, shop, uniq_pikel
D:6:      layout_basic, makhleb_altar_promises_db, grunt_ministairs_9
D:7:      layout_layer_cave, grunt_dithmenos_shadows, nicolae_hexahallways,
          minmay_fractal_squares_gapless_5
D:8:      minmay_inner_zag, layout_loops_corners

Skill      XL: |  1  2  3  4  5  6  7  8  9 10 |
---------------+-------------------------------+-----
Short Blades   | 1 2 3 5 |  5.2
Long Blades    | 1 2 3 5 |  5.2
Axes           | 1 2 3 5 |  5.2
Maces & Flails | 1 2 3 5 |  5.2
Polearms       | 1 2 3 5 |  5.2
Staves         | 1 2 3 5 |  5.2
Ranged Weapons | 1 2 3 5 |  5.2
Throwing       | 1 2 3 5 |  5.2
Armour         | 1 2 3 5 |  5.2
Stealth        | 1 2 3 5 |  5.2
Shields        | 1 2 3 5 |  5.2
Spellcasting   | 1 2 3 5 |  5.2
Invocations    | 1 2 3 4 5 |  5.7
Evocations     | 1 2 3 5 |  5.2
Conjurations   | 1 2 3 4 |  4.3
Hexes          | 1 2 3 4 |  4.3
Summonings     | 1 2 3 4 |  4.3
Necromancy     | 1 2 3 4 |  4.3
Translocations | 1 2 3 4 |  4.3
Fire Magic     | 1 2 3 4 |  4.3
Ice Magic      | 1 2 3 4 |  4.3
Air Magic      | 1 2 3 4 |  4.3
Earth Magic    | 1 2 3 4 |  4.3
Alchemy        | 1 2 3 4 |  4.3
Fighting       | 3 4 5 |  5.8
Dodging        | 5 6 7 |  7.0
Unarmed Combat | 7 8 |  8.4
Shapeshifting  | 7 8 |  8.1

Action                     |  1- 3 |  4- 6 |  7- 9 | 10-12 || total
---------------------------+-------+-------+-------+-------++-------
  Melee: Unarmed           |    62 |   101 |   363 |    47 ||   573
         Bite              |     3 |    13 |    41 |     5 ||    62
         Punch             |     1 |     4 |    19 |     3 ||    27
         Club              |       |    56 |       |       ||    56
 Invoke: Curse Item        |       |       |     3 |       ||     3
Ability: Begin Untransform |       |     1 |       |       ||     1
  Evoke: Wand              |       |     1 |    27 |     1 ||    29
    Use: Scroll            |       |     8 |     2 |       ||    10
         Potion            |       |     1 |     4 |     1 ||     6
   Stab: Sleeping          |     1 |     7 |     3 |     2 ||    13
         Distracted        |       |       |     1 |       ||     1
 Armour: Animal skin       |    28 |    81 |    81 |       ||   190
         Skin              |     1 |       |    89 |       ||    90
         Robe              |       |       |   128 |    25 ||   153
  Dodge: Dodged            |    29 |    67 |   247 |    16 ||   359
  Block: Other             |       |    13 |    84 |    10 ||   107
         Reflection        |       |       |     7 |       ||     7
   Form: Beast             |       |     1 |       |       ||     1

Table legend: (Time is in decaauts)
 A = Elapsed time spent in this place.
 B = Non-inter-level travel time spent in this place.
 C = Inter-level travel time spent in this place.
 D = Time resting spent in this place.
 E = Time spent auto-exploring this place.
 F = Levels seen in this place.
 G = Mean time per level.
                   A        B        C        D        E       F      G
               +--------+--------+--------+--------+--------+-----+--------+
         Total |   8726 |   8495 |    231 |   1851 |   4576 |   8 | 1090.8 |
       Dungeon |   8726 |   8495 |    231 |   1851 |   4576 |   8 | 1090.8 |
               +--------+--------+--------+--------+--------+-----+--------+

Top non-repeatable levels by time:
     D:7: 1809 daAuts
     D:4: 1544 daAuts
     D:8: 1054 daAuts
     D:5: 975 daAuts
     D:6: 885 daAuts
     D:2: 851 daAuts
     D:1: 837 daAuts
     D:3: 768 daAuts
